 Dungeon Crawl Stone Soup version 0.27-a0-1196-g3e9cee4cb2 (webtiles) character file.

Game seed: 16891725561447102379

21 mordus the Caller (level 2, 0/12 HPs)
             Began as a Felid Summoner on May 28, 2021.
             Succumbed to an adder's poison
             ... on level 2 of the Dungeon.
             The game lasted 00:03:43 (1095 turns).

mordus the Caller (Felid Summoner)                  Turns: 1095, Time: 00:03:44

Health: 0/12       AC:  1    Str:  4    XL:     2   Next: 65%
Magic:  2/6        EV: 17    Int: 16    God:
Gold:   37         SH:  0    Dex: 16    Spells: 2/5 levels left
                                        Lives:  0   Deaths: 0

rFire    . . .     SeeInvis +   (weapon unavailable)
rCold    . . .     Faith    .   (shield unavailable)
rNeg     . . .     Spirit   .   (armour unavailable)
rPois    .         Reflect  .   (helmet unavailable)
rElec    .         Harm     .   (cloak unavailable)
rCorr    .         Rampage  .   (gloves unavailable)
Will     .....                  (boots unavailable)
Stlth    ++........             (no amulet)
HPRegen  0.04/turn              (no ring)
MPRegen  0.10/turn              (no ring)

@: lethally poisoned (0 -> -1), quick
A: very small, claws 1, fangs 3, see invisible, speed 1, shaggy fur 1, stealthy
paws, no weapons or thrown items, no armour, multi-lived
a: no special abilities


You were on level 2 of the Dungeon.
You visited 1 branch of the dungeon, and saw 2 of its levels.

You collected 37 gold pieces.

Inventory:

Scrolls
 a - a scroll of noise
 b - a scroll of vulnerability {unknown}
Potions
 c - a potion of heal wounds


   Skills:
 + Level 0.7 Fighting
 - Level 2.6 Dodging
 - Level 2.6 Stealth
 + Level 0.7 Unarmed Combat
 * Level 2.4 Spellcasting
 * Level 4.2 Summonings


You had 2 spell levels left.
You knew the following spells:

 Your Spells              Type           Power      Damage    Failure   Level
a - Summon Small Mammal   Summ           60%        N/A       3%          1
b - Call Imp              Summ           15%        N/A       5%          2

Your spell library contained the following spells:

 Spells                   Type           Power      Damage    Failure   Level
 Call Canine Familiar     Summ           15%        N/A       11%         3
 Summon Guardian Golem    Hex/Summ       8%         N/A       26%         3
 Summon Ice Beast         Ice/Summ       8%         N/A       63%         4
 Summon Lightning Spire   Summ/Air       8%         N/A       63%         4


Dungeon Overview and Level Annotations

Branches:
Dungeon (2/15)

Altars:


Innate Abilities, Weirdness & Mutations

You have sharp claws.
You have razor-sharp teeth.
You have supernaturally acute eyesight. (SInv)
You cover ground quickly. (Speed+)
You are covered in fur. (AC +1)
Your paws help you pounce on unaware monsters.
You are incapable of wielding weapons or throwing items.
You cannot wear armour.
You gain extra lives every three experience levels.


Message History

Your bat dies!
Your bat's corpse disappears in a puff of smoke!
You barely miss the adder. Your bite misses the adder.
The adder is moderately wounded.
Your bat misses the adder. The bat closely misses you. The adder misses you.
Your rat bites the adder.
Your bat misses the bat.
Your quokka bites the adder.
The dart slug launches a dart at your rat.
The slug dart hits your rat.
Your rat dies!
Your rat's corpse disappears in a puff of smoke!
The bat misses you.
You barely miss the adder. Your bite misses the adder.
The adder is severely wounded.
The bat barely misses you.
Your bat closely misses the bat.
The adder bites you.
You are poisoned.
The adder poisons you!
Your quokka barely misses the adder.
You feel sick.
Your bat misses the adder. The adder misses your bat.
The bat hits your bat but does no damage.
Your bat hits the bat.
Your quokka completely misses the adder.
The adder bites your bat.
Your bat is poisoned.
The adder poisons your bat!
You feel sick. The bat hits you.
Your bat barely misses the adder.
The bat hits your bat.
Your quokka misses the adder. The bat hits you but does no damage.
Your bat closely misses the adder.
Your quokka bites the adder but does no damage.
The dart slug launches a dart at you. The slug dart hits your bat.
Your bat dies!
Your bat's corpse disappears in a puff of smoke!
You feel sick. The bat misses you.
You feel sick. The dart slug launches a dart at you. The slug dart hits you.
* * * LOW HITPOINT WARNING * * *
* * * LOW HITPOINT WARNING * * *
You feel sick. The bat completely misses you.
You die...

############
#..........#
#..........#
#..........#
#..........#
#....r..b..##
#......S.@..#
#................
#.)..............
..w.........##....
..........#####
.##. ............#
# .............#
....#..........
...##.....!.##.


You could see an adder (ally target), a bat and a friendly quokka (summoned).

Vanquished Creatures
  A ball python (D:1)
  2 endoplasms (D:1)
  2 bats (D:1)
  A frilled lizard (D:1)
6 creatures vanquished.

Vanquished Creatures (collateral kills)
  A gnoll (D:1)
  4 ball pythons
  An endoplasm (D:1)
  3 goblins (D:1)
  A hobgoblin (D:1)
  3 jackals (D:1)
  A kobold (D:1)
  A frilled lizard (D:1)
  A rat (D:1)
16 creatures vanquished.

Grand Total: 22 creatures vanquished

Notes
Turn   | Place    | Note
-------+----------+-------------------------------------------
     0 | D:1      | mordus the Felid Summoner began the quest for the Orb.
     0 | D:1      | Reached XP level 1. HP: 7/7 MP: 4/4
   299 | D:1      | Reached XP level 2. HP: 12/12 MP: 0/6
   540 | D:1      | Learned a level 2 spell: Call Imp
  1095 | D:2      | Succumbed to an adder's poison

Illustrated notes

Levels and vault maps discovered:
D:1:      zaba_arrival_water, layout_loops_ring
D:2:      layout_rooms

Action                   || total
-------------------------++-------
Melee: Unarmed           ||    14
 Cast: Summon Small Mamm ||    41
  Use: Scroll            ||     4
 Stab: Sleeping          ||     5
Armor: Skin              ||     1
Dodge: Dodged            ||    21

Table legend: (Time is in decaauts)
 A = Elapsed time spent in this place.
 B = Non-inter-level travel time spent in this place.
 C = Inter-level travel time spent in this place.
 D = Time resting spent in this place.
 E = Time spent auto-exploring this place.
 F = Levels seen in this place.
 G = Mean time per level.
                   A        B        C        D        E       F      G
               +--------+--------+--------+--------+--------+-----+--------+
         Total |    998 |    991 |      7 |     53 |    721 |   2 |  499.0 |
       Dungeon |    998 |    991 |      7 |     53 |    721 |   2 |  499.0 |
               +--------+--------+--------+--------+--------+-----+--------+

Top non-repeatable levels by time:
     D:1: 918 daAuts
     D:2: 79 daAuts
